 Dungeon Crawl Stone Soup version 0.23-a0-554-gd3cbc8420a (webtiles) character file.

15747 Morrissey the Carver (level 12, -9/110 HPs)
             Began as a Minotaur Fighter on Dec 10, 2018.
             Was a High Priest of Okawaru.
             Killed from afar by a rime drake (30 damage)
             ... with a flash freeze
             ... on level 2 of the Lair of Beasts.
             The game lasted 00:18:50 (11489 turns).

Morrissey the Carver (Minotaur Fighter)            Turns: 11489, Time: 00:18:51

Health: -9/110     AC: 19    Str: 20    XL:     12   Next: 4%
Magic:  14/14      EV:  6    Int:  9    God:    Okawaru [*****.]
Gold:   631        SH: 13    Dex: 19    Spells: 11/11 levels left

rFire    . . .     SeeInvis +   a - +2 scimitar (flame)
rCold    . . .     Gourm    .   c - +0 shield
rNeg     . . .     Faith    .   E - +0 plate armour
rPois    +         Spirit   .   (helmet restricted)
rElec    .         Reflect  .   r - +1 cloak of Indomitability {rPois Int+4 SInv}
rCorr    +         Harm     .   i - +1 pair of gloves
MR       .....                  (no boots)
Stlth    ..........             (no amulet)
HPRegen  0.28/turn              j - +3 ring of dexterity
MPRegen  0.14/turn              x - ring of resist corrosion

@: lethally poisoned (-9 -> -13), studying Hexes
A: retaliatory headbutt, horns 2
a: Heroism, Finesse, Renounce Religion


You were on level 2 of the Lair of Beasts.
You worshipped Okawaru.
Okawaru was extremely pleased with you.
You were not hungry.

You visited 3 branches of the dungeon, and saw 13 of its levels.
You also visited: Sewer.

You collected 751 gold pieces.
You spent 120 gold pieces at shops.

Inventory:

Hand Weapons
 a - a +2 scimitar of flaming (weapon)
 b - a +0 long sword of holy wrath
 h - a +1 long sword
Armour
 c - a +0 shield (worn)
 i - a +1 pair of gloves (worn)
 r - the +1 cloak of Indomitability (worn) {rPois Int+4 SInv}
   (You found it on level 4 of the Dungeon)

   It affects your intelligence (+4).
   It protects you from poison.
   It lets you see invisible.
 v - a scarf of repulsion
 E - a +0 plate armour (worn)
Jewellery
 j - a +3 ring of dexterity (left hand)
 p - an uncursed amulet of the gourmand
 x - a ring of resist corrosion (right hand)
 y - an uncursed ring of flight
 I - an uncursed amulet of magic regeneration
Wands
 o - a wand of iceblast (19)
 w - a wand of polymorph (11)
 G - a wand of digging (6)
 H - a wand of flame (25)
 M - a wand of paralysis (11)
 Q - a wand of random effects (15)
Scrolls
 e - 4 scrolls of blinking
 k - 4 scrolls of teleportation
 m - 6 scrolls of remove curse
 n - a scroll of acquirement {unknown}
 C - a scroll of immolation {unknown}
 D - a scroll of fog {unknown}
 F - a scroll of enchant weapon
 J - 2 scrolls of identify
 K - 2 scrolls of random uselessness {unknown}
 N - a scroll of enchant armour
Potions
 d - a potion of might
 g - a potion of brilliance
 l - 5 potions of flight
 q - 5 potions of agility
 s - a potion of magic
 u - 3 potions of heal wounds
 z - a potion of cancellation
 A - a potion of haste
 B - a potion of invisibility {unknown}
 O - a potion of curing
 P - a potion of mutation {unknown}
 R - a potion of resistance {unknown}
Books
 t - a manual of Hexes
Comestibles
 f - 18 rations
 L - 6 chunks of flesh


   Skills:
 + Level 11.0 Fighting
 - Level 14.0 Long Blades
 - Level 10.7 Armour
 - Level 10.6 Shields
 + Level 5.1 Invocations


You had 11 spell levels left.
You didn't know any spells.
Your spell library contained the following spells:

 Spells                   Type           Power        Failure   Level  Hunger
 Animate Skeleton         Necr           N/A          100%        1    ##.....
 Pain                     Necr           #...         100%        1    ##.....
 Regeneration             Chrm/Necr      #.........   100%        3    ####...
 Vampiric Draining        Necr           #.........   100%        3    ####...
 Animate Dead             Necr           N/A          100%        4    #####..


Dungeon Overview and Level Annotations

Branches:
Dungeon (10/15)            Temple (1/1) D:4            Lair (2/6) D:8
    Orc (0/2) D:9
  Swamp: Lair:2-4    Shoals: Lair:2-4     Snake: Lair:2-4    Spider: Lair:2-4

Altars:
Ashenzari
Cheibriados
Dithmenos
Elyvilon
Fedhas
Gozag
Hepliaklqana
Kikubaaqudgha
Makhleb
Nemelex Xobeh
Okawaru
Qazlal
Ru
Sif Muna
Trog
Uskayaw
Vehumet
Wu Jian
Xom
Yredelemnul
Zin
The Shining One
Beogh

Shops:
D:4 *   D:9 :==*%


Innate Abilities, Weirdness & Mutations

You reflexively headbutt those who attack you in melee.
You have a pair of horns on your head.


Message History

You feel sick. You block the rime drake's attack.
Your plate armour prevents you from hitting the rime drake.
Your headbutt misses the rime drake. The rime drake bites you.
* * * LOW HITPOINT WARNING * * *
Unknown command.
Your shield and plate armour prevent you from hitting the rime drake.
You feel sick.
The rime drake bites you but does no damage.
You slash the rime drake! You burn the rime drake. You headbutt the rime drake!
The rime drake is severely wounded.
You feel sick. You block the rime drake's attack.
Your shield prevents you from hitting the rime drake.
You headbutt the rime drake!
The rime drake is almost dead.
You feel sick.
You miss the rime drake. Your headbutt misses the rime drake.
The rime drake is almost dead.
The rime drake breathes ice at you. The flash freeze hits you!
You die...

#### ######
#P..###..#.
#.........###
........:.+.##.
#.........#...#
#......@†..#
P.......k..#
#..........#
#....)....##
#..........#
#.........##
#.....>...#
#.........#
#...>.....#


You could see a rime drake.

Vanquished Creatures
  3 hydras (Lair:1)
  Erolcha (D:9)
  Erica (D:9)
  2 two-headed ogres
  Pikel (D:4)
  Joseph (D:7)
  A black mamba (Lair:1)
  2 spiny frogs
  A komodo dragon (Lair:2)
  A troll (D:9)
  Prince Ribbit (D:7)
  4 slime creatures
  3 blink frogs (Lair:1)
  4 yaks (D:9)
  A wyvern (D:9)
  4 hogs (D:7)
  A golden eye (D:7)
  A human (D:7)
  2 wargs (D:8)
  A hungry ghost (D:7)
  A water moccasin (Lair:2)
  3 porcupines (Lair:1)
  2 black bears
  A phantom (D:7)
  2 sky beasts
  A hornet zombie (D:4)
  3 orc warriors
  3 ogres
  6 wolves (Lair:2)
  A centaur (D:6)
  5 crocodiles
  7 big kobolds
  5 bullfrogs
  A gnoll sergeant (D:7)
  4 killer bees (D:9)
  7 scorpions
  2 howler monkeys (D:6)
  A crimson imp (D:7)
  A quasit (D:9)
  2 bullfrog zombies (D:5)
  3 bullfrog skeletons
  4 jellies
  8 orc priests
  2 hounds
  12 orc wizards
  2 centaur skeletons
  4 iguanas
  7 worker ants
  A killer bee zombie (D:6)
  A hound skeleton (D:4)
  A mummy (D:9)
  A worker ant zombie (D:6)
  6 gnolls
  11 adders
  A river rat (D:6)
  2 shadow imps
  2 oozes
  An adder zombie (D:8)
  An adder skeleton (D:9)
  A worm (D:3)
  3 dart slugs
  6 leopard geckos
  37 orcs
  9 bats
  3 giant cockroaches
  7 goblins
  10 hobgoblins
  18 jackals
  5 quokkas
  6 ball pythons
  2 frilled lizards
  39 kobolds
  2 leopard gecko skeletons
  A quokka skeleton (D:5)
  10 rats
323 creatures vanquished.

Vanquished Creatures (others)
  A scorpion (D:5)
  A hound (D:5)
  A giant cockroach (D:5)
3 creatures vanquished.

Grand Total: 326 creatures vanquished

Notes
Turn   | Place    | Note
-------+----------+-------------------------------------------
     0 | D:1      | Morrissey the Minotaur Fighter began the quest for the Orb.
     0 | D:1      | Reached XP level 1. HP: 19/19 MP: 0/0
   338 | D:1      | Reached XP level 2. HP: 27/27 MP: 1/1
   358 | D:1      | You fall through a shaft!
   364 | D:2      | Found a blossoming altar of Fedhas.
   571 | D:1      | Reached skill level 3 in Long Blades
   899 | D:2      | Found a hazy altar of Hepliaklqana.
   987 | D:2      | Reached XP level 3. HP: 33/33 MP: 2/2
  1251 | D:2      | Reached XP level 4. HP: 28/40 MP: 3/3
  1422 | D:3      | Found a basalt altar of Yredelemnul.
  1767 | D:3      | Reached skill level 4 in Long Blades
  1826 | D:3      | Reached XP level 5. HP: 47/47 MP: 4/4
  1942 | D:3      | Found a stormy altar of Qazlal.
  2288 | D:4      | Found a staircase to the Ecumenical Temple.
  2302 | Temple   | Entered the Ecumenical Temple
  2364 | Temple   | Became a worshipper of Warmaster Okawaru
  2502 | D:4      | Reached skill level 5 in Long Blades
  2519 | D:4      | Reached XP level 6. HP: 53/55 MP: 5/5
  2526 | D:4      | Reached skill level 5 in Fighting
  2526 | D:4      | Reached skill level 5 in Armour
  2526 | D:4      | Reached skill level 5 in Shields
  2577 | D:4      | Reached * piety under Okawaru
  2662 | D:4      | HP: 1/56 [orc (4)]
  3001 | D:4      | Reached skill level 6 in Long Blades
  3001 | D:4      | Reached XP level 7. HP: 53/61 MP: 6/6
  3146 | D:4      | Got a dazzling cloak
  3152 | D:4      | Identified the +1 cloak of Indomitability {rPois Int+4
                  | SInv} (You found it on level 4 of the Dungeon)
  3517 | D:4      | Found Fenycsyw's General Store.
  3527 | D:4      | Bought 2 potions of heal wounds for 120 gold pieces
  3771 | D:5      | Entered Level 5 of the Dungeon
  3773 | D:5      | Noticed Pikel
  3788 | D:4      | Killed Pikel
  3788 | D:4      | Reached ** piety under Okawaru
  3788 | D:4      | Reached skill level 7 in Long Blades
  3788 | D:4      | Reached XP level 8. HP: 45/70 MP: 7/7
  4038 | D:5      | Reached skill level 8 in Long Blades
  4294 | D:5      | Reached *** piety under Okawaru
  4604 | D:5      | Reached skill level 9 in Long Blades
  4822 | D:5      | Found a radiant altar of Vehumet.
  5274 | D:5      | Reached XP level 9. HP: 45/79 MP: 8/8
  5634 | D:6      | Found a glowing drain.
  5641 | Sewer    | Entered a sewer
  6090 | D:6      | Reached skill level 10 in Long Blades
  6290 | D:7      | Noticed Joseph
  6292 | D:7      | Found a deep blue altar of Sif Muna.
  6307 | D:7      | Killed Joseph
  6354 | D:7      | Noticed Prince Ribbit
  6371 | D:7      | Reached **** piety under Okawaru
  6582 | D:7      | Killed Prince Ribbit
  6627 | D:7      | Found a glowing silver altar of Zin.
  6628 | D:7      | Found an opulent altar of Gozag.
  6734 | D:7      | Reached skill level 11 in Long Blades
  6809 | D:7      | Reached XP level 10. HP: 84/90 MP: 9/9
  7823 | D:8      | Found a radiant altar of Vehumet.
  8057 | D:8      | Found a staircase to the Lair.
  8435 | D:9      | Noticed a two-headed ogre
  8806 | D:7      | Killed a two-headed ogre
  8806 | D:7      | Reached ***** piety under Okawaru
  8806 | D:7      | Reached skill level 12 in Long Blades
  8806 | D:7      | Reached skill level 1 in Invocations
  8938 | D:9      | Found Murin's Assorted Antiques.
  8980 | D:9      | Found a snail-covered altar of Cheibriados.
  8995 | D:9      | Found a shattered altar of Ashenzari.
  9003 | D:9      | Found Parriobi's Food Emporium.
  9016 | D:9      | Noticed a two-headed ogre
  9350 | D:9      | Noticed Erica
  9351 | D:9      | Found Eshrifut's Jewellery Boutique.
  9383 | D:9      | Killed Erica
  9383 | D:9      | Reached XP level 11. HP: 91/99 MP: 4/11
  9431 | D:9      | Found Ibiys's Jewellery Emporium.
  9765 | D:9      | Found Yplazxyich's Book Boutique.
  9799 | D:9      | Killed a two-headed ogre
  9799 | D:9      | Reached skill level 10 in Fighting
  9799 | D:9      | Reached skill level 13 in Long Blades
  9799 | D:9      | Reached skill level 10 in Armour
  9898 | D:9      | Reached skill level 10 in Shields
  9925 | D:9      | Found a roughly hewn altar of Beogh.
  9925 | D:9      | Found a staircase to the Orcish Mines.
  9998 | D:9      | Noticed Erolcha
 10006 | D:9      | Killed Erolcha
 10216 | D:10     | Entered Level 10 of the Dungeon
 10258 | Lair:1   | Entered Level 1 of the Lair of Beasts
 10282 | Lair:1   | Noticed an eight-headed hydra
 10298 | Lair:1   | Received a gift from Okawaru
 10298 | Lair:1   | Reached ****** piety under Okawaru
 10316 | Lair:1   | Killed a one-headed hydra
 10554 | Lair:1   | Noticed a five-headed hydra
 10564 | Lair:1   | Killed a two-headed hydra
 10736 | Lair:1   | Noticed a five-headed hydra
 10745 | Lair:1   | Killed a one-headed hydra
 11378 | Lair:2   | Reached skill level 14 in Long Blades
 11480 | Lair:2   | Reached skill level 5 in Invocations
 11480 | Lair:2   | Reached XP level 12. HP: 38/108 MP: 14/14
 11489 | Lair:2   | Killed from afar by a rime drake

Vault maps used:
D:1:      lemuel_arrival_funnel, minmay_curled_crystal, grunt_decor_arrowhead
D:2:      fedhas_altar_1, nicolae_overflow_hidden_temple, minmay_cupped
D:3:      grunt_qazlal_sundering, lemuel_doored_altar
D:4:      minmay_temple_entry_stoned_glass, serial_shops, shop,
          minmay_manual_moon
D:5:      minmay_goblin_kobold_castle, first_ration, basic_altar, uniq_pikel
D:6:      portal_sewer_entry_e
D:7:      grunt_temple_overflow_gold_and_silver, basic_altar, grunt_livestock,
          uniq_joseph, uniq_prince_ribbit1
D:8:      vehumet_altar_wand_db, erik_lair_orcish_takeover
D:9:      cheibrodos_ashenzari_chains, slow_altar_1, david_orc_5, serial_shops,
          nicolae_shop_window_shopping, shop, nicolae_shop_statue_plus, shop,
          nicolae_shop_waterfront, uniq_erica, uniq_erolcha
D:10:     minivault_26, nrook_mini_backslash
Temple:   cyrus_circular_temple
Lair:1:   beast_lair_carwin_3
Lair:2:   serial_bayou_shore_b
Sewer:    sewer_fruit_machine

Skill      XL: |  1  2  3  4  5  6  7  8  9 10 11 12 |
---------------+-------------------------------------+-----
Long Blades    | 3 4 5 6 7 9 11 12 14 | 14.0
Fighting       | 4 5 6 7 8 9 10 11 | 11.0
Armour         | 4 5 6 7 8 9 10 | 10.7
Shields        | 4 5 6 7 8 9 10 | 10.6
Invocations    | 2 5 |  5.1

Action                   |  1- 3 |  4- 6 |  7- 9 | 10-12 || total
-------------------------+-------+-------+-------+-------++-------
Melee: Long sword        |    59 |   113 |   415 |   223 ||   810
       Headbutt          |     6 |    30 |    97 |   119 ||   252
       Scimitar          |       |       |       |   238 ||   238
Invok: Heroism           |       |       |       |     2 ||     2
       Finesse           |       |       |       |     1 ||     1
Evoke: Wand              |       |       |       |     7 ||     7
  Use: Scroll            |       |     6 |     8 |     6 ||    20
       Potion            |       |     3 |       |       ||     3
  Eat: Chunk             |     1 |     5 |     9 |     8 ||    23
       Ration            |       |       |     2 |     2 ||     4
Armor: Scale mail        |    23 |    43 |   136 |       ||   202
       Chain mail        |       |       |    39 |    15 ||    54
       Plate armour      |       |       |       |   182 ||   182
Dodge: Dodged            |    17 |    24 |   118 |    77 ||   236
Block: Shield            |    28 |    64 |   240 |   238 ||   570
       Rpst.: Long sword |     7 |     8 |    30 |    16 ||    61
       Scimitar          |       |       |       |     9 ||     9

Table legend:
 A = Non-vault XP
 B = Vault XP
 C = Vault XP percentage of total XP
 D = Non-vault monster count
 E = Vault monster count
 F = Vault count percentage of total count
                 A         B        C        D         E       F
            +---------+---------+-------+---------+---------+-------
      Total |   15818 |    6678 |  29.7 |     200 |     123 |  38.1
            +---------+---------+-------+---------+---------+-------
        D:1 |      21 |       0 |   0.0 |      11 |       0 |   0.0
        D:2 |      71 |      15 |  17.4 |      13 |       2 |  13.3
        D:3 |     121 |       0 |   0.0 |      21 |       0 |   0.0
        D:4 |     625 |     693 |  52.6 |      18 |       3 |  14.3
        D:5 |     576 |     689 |  54.5 |      19 |      48 |  71.6
        D:6 |     958 |      33 |   3.3 |      24 |       8 |  25.0
        D:7 |    1765 |    1932 |  52.3 |      15 |       8 |  34.8
        D:8 |    1360 |     493 |  26.6 |      25 |       9 |  26.5
        D:9 |    3455 |    2329 |  40.3 |      31 |      26 |  45.6
     Lair:1 |    5031 |     464 |   8.4 |      12 |       4 |  25.0
     Lair:2 |    1835 |       0 |   0.0 |      11 |       0 |   0.0
      Sewer |       0 |      30 | 100.0 |       0 |      15 | 100.0
            +---------+---------+-------+---------+---------+-------
